 Dungeon Crawl Stone Soup version 0.23-a0-344-ge122d05 (webtiles) character file.

87 galech the Covered (level 4, -1/35 HPs)
             Began as a Demonspawn Fighter on Oct 19, 2018.
             Killed by nerve-wracking pain
             ... invoked by Grinder
              (14 damage)
             ... on level 3 of the Dungeon.
             The game lasted 00:02:39 (2042 turns).

galech the Covered (Demonspawn Fighter)             Turns: 2042, Time: 00:02:40

Health: -1/35      AC:  9    Str: 17    XL:     4   Next: 28%
Magic:  4/4        EV:  4    Int:  9    God:
Gold:   171        SH:  9    Dex: 13    Spells: 3/3 levels left

rFire    . . .     SeeInvis .   a - +0 war axe
rCold    . . .     Gourm    +   c - +0 shield
rNeg     . . .     Faith    .   p - +0 chain mail
rPois    .         Spirit   .   (no helmet)
rElec    .         Reflect  .   (no cloak)
rCorr    .         Harm     .   (no gloves)
MR       .....                  (no boots)
Stlth    ..........             q - amulet of the gourmand
HPRegen  0.11/turn              (no ring)
MPRegen  0.09/turn              (no ring)

@: no status effects
A: hooves 1, demonic guardian 1, powered by pain 1
a: no special abilities


You were on level 3 of the Dungeon.
You were very full.

You visited 1 branch of the dungeon, and saw 3 of its levels.

You collected 171 gold pieces.

Inventory:

Hand Weapons
 a - a +0 war axe (weapon)
Armour
 b - a +0 scale mail
 c - a +0 shield (worn)
 p - a +0 chain mail (worn)
Jewellery
 k - an uncursed amulet of faith
 m - an uncursed ring of ice
 q - an amulet of the gourmand (around neck)
Scrolls
 e - a scroll of enchant armour {unknown}
 h - 4 scrolls of identify {unknown}
 j - a scroll of remove curse {unknown}
 l - 2 scrolls of enchant weapon {unknown}
 n - 2 scrolls of teleportation {unknown}
 o - a scroll of immolation
 r - a scroll of magic mapping {unknown}
Potions
 d - a potion of might
 g - a potion of curing {unknown}
 i - a potion of mutation {unknown}
Comestibles
 f - 6 rations


   Skills:
 + Level 3.2 Fighting
 + Level 2.8 Axes
 + Level 3.4 Armour
 + Level 0.2 Dodging
 + Level 3.2 Shields


You had 3 spell levels left.
You didn't know any spells.
Your spell library was empty.

Dungeon Overview and Level Annotations

Branches:
Dungeon (3/15)

Altars:
Ashenzari
Beogh

Annotations:
D:3 1 runed door, Ghost621's ghost, novice MiFi; Grinder


Innate Abilities, Weirdness & Mutations

You have large cloven feet.
A weak demonic guardian rushes to your aid.
You sometimes gain a little power by taking damage.


Message History

You closely miss Grinder. The iguana bites you. Grinder hits you.
You writhe in agony.
Your white imp gestures at the iguana.
The puff of frost hits the iguana.
The iguana dies!
You are too injured to fight recklessly!
You closely miss Grinder.
Grinder is lightly wounded.
You block Grinder's attack.
Your white imp hits Grinder.
Your white imp freezes Grinder.
Grinder completely resists.
Grinder gestures at you. Pain shoots through your body!
You completely miss Grinder. Your kick misses Grinder.
Grinder is lightly wounded.
Grinder hits you but does no damage.
Your white imp barely misses Grinder. x2
Your shield and chain mail prevent you from hitting Grinder.
Grinder is lightly wounded.
Grinder gestures at you. Pain shoots through your body!
You die...

####+###
#>.....#
#####......#
....%....
#55..#
#5@..#
#(...# #
#....#.#
#....#.#
##.....#
#.....# ###.
#.....# ...#
#.....#....#
#.....#....#


You could see Grinder and 2 friendly white imps.

Vanquished Creatures
  2 oozes (D:1)
  An adder zombie (D:2)
  2 worms
  A dart slug (D:1)
  A giant cockroach (D:1)
  7 goblins
  9 hobgoblins
  6 kobolds
  A quokka (D:2)
  A ball python (D:1)
  5 bats
  4 frilled lizards
  10 rats
50 creatures vanquished.

Vanquished Creatures (collateral kills)
  An iguana (D:3)
1 creature vanquished.

Grand Total: 51 creatures vanquished

Notes
Turn   | Place    | Note
-------+----------+-------------------------------------------
     0 | D:1      | galech the Demonspawn Fighter began the quest for the Orb.
     0 | D:1      | Reached XP level 1. HP: 18/18 MP: 1/1
    25 | D:1      | Gained mutation: You sometimes gain a little power by
                  | taking damage. [demonic ancestry]
    25 | D:1      | Reached XP level 2. HP: 20/24 MP: 2/2
    68 | D:1      | Found a roughly hewn altar of Beogh.
    69 | D:1      | Noticed an orc warrior
   577 | D:1      | Gained mutation: You have large cloven feet. [demonic
                  | ancestry]
   577 | D:1      | Reached XP level 3. HP: 29/29 MP: 3/3
  1512 | D:2      | Found a shattered altar of Ashenzari.
  1998 | D:3      | Found a runed door.
  1998 | D:3      | Noticed Ghost621's ghost (novice MiFi)
  1998 | D:3      | Noticed a wraith
  2011 | D:3      | Gained mutation: A weak demonic guardian rushes to your
                  | aid. [demonic ancestry]
  2011 | D:3      | Reached XP level 4. HP: 35/35 MP: 4/4
  2033 | D:3      | Noticed Grinder
  2035 | D:3      | Paralysed by Grinder for 3 turns
  2042 | D:3      | Killed from afar by Grinder

Vault maps used:
D:1:      erik_arrival_cave_to_civilisation
D:2:      marbit_many_paths, first_ration
D:3:      nicolae_overflow_hidden_temple, ebering_ghost_inner_flame,
          minmay_tree_intersection, uniq_grinder, uniq_jessica

Skill      XL: |  1  2 |
---------------+-------+-----
Shields        | 3 |  3.2
Axes           | 2 |  2.8
Armour         | 3 |  3.4
Fighting       | |  3.2
Dodging        | |  0.2

Action                   |  1- 3 |  4- 6 || total
-------------------------+-------+-------++-------
Melee: War axe           |   116 |     9 ||   125
       Kick              |    15 |     2 ||    17
  Eat: Chunk             |     9 |     3 ||    12
Armor: Scale mail        |    31 |       ||    31
       Chain mail        |    12 |     8 ||    20
Dodge: Dodged            |    18 |       ||    18
Block: Shield            |    55 |     3 ||    58

Table legend:
 A = Non-vault XP
 B = Vault XP
 C = Vault XP percentage of total XP
 D = Non-vault monster count
 E = Vault monster count
 F = Vault count percentage of total count
                 A         B        C        D         E       F
            +---------+---------+-------+---------+---------+-------
      Total |     121 |       4 |   3.2 |      48 |       3 |   5.9
            +---------+---------+-------+---------+---------+-------
        D:1 |      56 |       3 |   5.1 |      28 |       2 |   6.7
        D:2 |      29 |       1 |   3.3 |      15 |       1 |   6.2
        D:3 |      36 |       0 |   0.0 |       5 |       0 |   0.0
            +---------+---------+-------+---------+---------+-------
